 Dungeon Crawl Stone Soup version 0.27.1-34-g3ba077fa99 (webtiles) character file.

Game seed: 6026252258613039382

28 cbfl8 the Skirmisher (level 2, 0/28 HPs)
             Began as a Minotaur Wanderer on Jan 17, 2022.
             Slain by Sigmund (2 damage)
             ... on level 2 of the Dungeon.
             The game lasted 00:02:02 (1686 turns).

cbfl8 the Skirmisher (Minotaur Wanderer)            Turns: 1686, Time: 00:02:03

Health: 0/28       AC:  5    Str: 14    XL:     2   Next: 96%
Magic:  1/1        EV: 10    Int: 12    God:
Gold:   76         SH:  0    Dex:  8    Spells: 1/1 levels left

rFire    . . .     SeeInvis .   a - +0 short sword
rCold    . . .     Faith    .   (no shield)
rNeg     . . .     Spirit   .   g - +0 ring mail
rPois    .         Reflect  .   (helmet restricted)
rElec    .         Harm     .   (no cloak)
rCorr    .         Rampage  .   (no gloves)
Will     .....                  (no boots)
Stlth    ..........             (no amulet)
HPRegen  0.09/turn              (no ring)
MPRegen  0.07/turn              (no ring)

@: confused, lethally poisoned (0 -> -5)
A: horns 2, retaliatory headbutt
a: no special abilities


You were on level 2 of the Dungeon.
You visited 1 branch of the dungeon, and saw 2 of its levels.

You collected 76 gold pieces.

Inventory:

Hand Weapons
 a - a +0 short sword (weapon)
Missiles
 b - 4 throwing nets (quivered)
Armour
 c - a +0 leather armour
 g - a +0 ring mail (worn)
Scrolls
 e - a scroll of fear {unknown}
 h - a scroll of identify {unknown}
Potions
 d - a potion of lignification
 f - a potion of degeneration {unknown}


   Skills:
 + Level 4.3 Fighting
 + Level 1.6 Short Blades
 + Level 2.1 Throwing
 + Level 0.4 Armour
 + Level 1.1 Dodging
 + Level 1.0 Translocations
 + Level 1.6 Fire Magic


You had one spell level left.
You didn't know any spells.
Your spell library was empty.

Dungeon Overview and Level Annotations

Branches:
Dungeon (2/15)

Altars:

Annotations:
D:2 Sigmund


Innate Abilities, Weirdness & Mutations

You have a pair of horns on your head.
You reflexively headbutt those who attack you in melee.


Message History

The adder hisses angrily.
Sigmund breathes a few words.
Sigmund's hands start flickering wildly.
Sigmund hits you from afar with a +0 scythe.
A kobold comes into view. It is wielding a +0 short sword.
Sigmund hits you with a +0 scythe! The adder bites you.
The kobold shouts!
You hit Sigmund.
Sigmund is lightly wounded.
The adder bites you but does no damage.
Unknown command.
You hit Sigmund.
Sigmund is lightly wounded.
Sigmund mumbles some strange words.
Sigmund flickers and vanishes!
Deactivating autopickup; reactivate with Ctrl-A.
The adder closely misses you.
The kobold throws a stone.
Unknown command.
You miss something. Something hits you!
* * * LOW HITPOINT WARNING * * *
The adder closely misses you.
The kobold throws a stone.
The adder bites you.
* * * LOW HITPOINT WARNING * * *
Unknown command.
You completely miss something.
You hear some strange, mumbled words.
You are confused.
The adder completely misses you.
Unknown command.
Found a cloak.
Something hits you but does no damage.
Unknown command.
Unknown command.
Level annotation: Sigmund Welcome back, cbfl8 the Minotaur Wanderer.
Press ? for a list of commands and other information.
You miss the adder. The adder bites you.
* * * LOW HITPOINT WARNING * * *
You are lethally poisoned!
The adder poisons you!
The kobold throws a stone.
The stone barely misses you. Something hits you.
You die...

######## #......#
#......# #......######
##............
########.............
###.K.@..........######
.......{S.........#
###........#......#
#........#......#
..........########
[###........ #.......#.
#.......#.# #........ .


You could see an adder and a kobold.

Vanquished Creatures
  A dart slug (D:1)
  A ball python (D:1)
  5 endoplasms (D:1)
  4 goblins (D:1)
  5 hobgoblins (D:1)
  2 kobolds (D:1)
  3 bats (D:1)
  A rat (D:1)
22 creatures vanquished.

Notes
Turn   | Place    | Note
-------+----------+-------------------------------------------
     0 | D:1      | cbfl8 the Minotaur Wanderer began the quest for the Orb.
     0 | D:1      | cbfl8 set off with the following items: a +0 short sword, 4
                  | throwing nets, a +0 leather armour, a potion of
                  | lignification
     0 | D:1      | Reached XP level 1. HP: 19/19 MP: 0/0
   436 | D:1      | Reached XP level 2. HP: 26/27 MP: 1/1
   475 | D:1      | Reached skill level 4 in Fighting
  1676 | D:2      | Noticed Sigmund
  1686 | D:2      | Slain by Sigmund

Illustrated notes

Levels and vault maps discovered:
D:1:      amcnicky_arrival_single_pillar, layout_loops_ring,
          hangedman_decor_push, grunt_decor_mini_mirrors
D:2:      layout_rooms, ebering_ecumenical_altar_sacrificial, uniq_sigmund,
          uniq_terence

Skill      XL: |  1  2 |
---------------+-------+-----
Fighting       | 4 |  4.3
Short Blades   | |  1.6
Throwing       | |  2.1
Armour         | |  0.4
Dodging        | |  1.1
Translocations | |  1.0
Fire Magic     | |  1.6

Action                   || total
-------------------------++-------
Melee: Short sword       ||    67
       Headbutt          ||     6
Armor: Leather armour    ||     8
       Ring mail         ||    11
Dodge: Dodged            ||    49
